 Dungeon Crawl Stone Soup version 0.26.1 (webtiles) character file.

Game seed: 14847740513359129725

47 Descartes the Covert (level 3, -1/17 HPs)
             Began as a Felid Delver on Feb 5, 2021.
             Was an Initiate of Dithmenos.
             Slain by a gnoll zombie (6 damage)
             ... in an ossuary.
             The game lasted 00:02:27 (819 turns).

Descartes the Covert (Felid Delver)                  Turns: 819, Time: 00:02:27

Health: -1/17      AC:  1    Str:  9    XL:     3   Next: 48%
Magic:  4/4        EV: 18    Int: 11    God:    Dithmenos [......]
Gold:   28         SH:  0    Dex: 17    Spells: 2/2 levels left
                                        Lives:  0   Deaths: 0

rFire    . . .     SeeInvis +     - Unarmed
rCold    . . .     Faith    .   (shield unavailable)
rNeg     . . .     Spirit   .   (armour unavailable)
rPois    .         Reflect  .   (helmet unavailable)
rElec    .         Harm     .   (cloak unavailable)
rCorr    .         Rampage  .   (gloves unavailable)
Will     .....                  (boots unavailable)
Stlth    ++++......             (no amulet)
HPRegen  0.05/turn              (no ring)
MPRegen  0.09/turn              (no ring)

@: quick
A: very small, no armour, no weapons or thrown items, stealth, claws 1, fangs 3,
see invisible, speed 1, shaggy fur 1, sharp paws
a: Renounce Religion


You were in an ossuary.
You worshipped Dithmenos.
Dithmenos was noncommittal.
You visited 2 branches of the dungeon, and saw 4 of its levels.
You also visited: Ossuary.

You collected 28 gold pieces.

Inventory:

Wands
 e - a wand of digging (3)
Scrolls
 a - a scroll of fog
 c - a scroll of fear
 f - a scroll of teleportation {unknown}
 g - a scroll of enchant weapon {unknown}
Potions
 b - a potion of berserk rage {unknown}
 d - a potion of haste
 h - a potion of degeneration {unknown}


   Skills:
 - Level 3.0 Fighting
 - Level 2.6 Dodging
 + Level 8.3 Stealth
 - Level 2.0 Unarmed Combat


You had 2 spell levels left.
You didn't know any spells.
Your spell library was empty.

Dungeon Overview and Level Annotations

Branches:
Dungeon (6/15)             Temple (1/1) D:5         Ossuary (1/1)

Altars:
Ashenzari
Cheibriados
Dithmenos
Elyvilon
Fedhas
Gozag
Hepliaklqana
Kikubaaqudgha
Makhleb
Nemelex Xobeh
Okawaru
Qazlal
Ru
Sif Muna
Trog
Uskayaw
Vehumet
Xom
Yredelemnul
Zin
The Shining One


Innate Abilities, Weirdness & Mutations

You cannot wear armour.
You are incapable of wielding weapons or throwing items.
Your paws allow you to move quietly. (Stealth)
You have sharp claws.
You have razor-sharp teeth.
You have supernaturally acute eyesight. (SInv)
You cover ground quickly.
You are covered in fur. (AC +1)
Your sharp claws are effective at attacking unaware monsters.


Message History

The big kobold zombie barely misses you.
You scratch the gnoll zombie but do no damage.
The big kobold zombie hits you but does no damage.
You barely miss the gnoll zombie. The gnoll zombie hits you.
The big kobold zombie hits you.
You scratch the gnoll zombie.
The gnoll zombie is lightly damaged.
The gnoll zombie barely misses you.
You scratch the gnoll zombie but do no damage.
The gnoll zombie is lightly damaged.
The big kobold zombie closely misses you.
The gnoll zombie misses you.
You scratch the gnoll zombie.
The gnoll zombie is moderately damaged.
The big kobold zombie hits you.
* * * LOW HITPOINT WARNING * * *
You scratch the gnoll zombie.
The gnoll zombie is heavily damaged.
The gnoll zombie hits you.
You die...

#...#
#...#
#...#
###'#
#^^^#
#^^^#
#.^^#
#^..#
#@###
#ZZ.#
#...#
+...#
#####


You could see a gnoll zombie and a big kobold zombie.

Vanquished Creatures
  A jelly (D:6)
  2 adder zombies (Ossuary)
  2 orcs (D:4)
  A ball python (D:4)
  2 hobgoblin zombies (Ossuary)
  2 kobold zombies (Ossuary)
10 creatures vanquished.

Notes
Turn   | Place    | Note
-------+----------+-------------------------------------------
     0 | D:5      | Descartes the Felid Delver began the quest for the Orb.
     0 | D:5      | Reached XP level 1. HP: 10/10 MP: 2/2
     0 | D:5      | Found a staircase to the Ecumenical Temple.
     7 | Temple   | Entered the Ecumenical Temple
   287 | Temple   | Became a worshipper of Dithmenos the Shadowed
   329 | D:6      | Noticed a jelly
   335 | D:6      | Killed a jelly
   336 | D:6      | Reached skill level 8 in Stealth
   336 | D:6      | Reached XP level 2. HP: 14/14 MP: 3/3
   336 | D:6      | Reached XP level 3. HP: 17/17 MP: 4/4
   462 | D:4      | Found a sand-covered staircase.
   470 | Ossuary  | Entered an ossuary
   819 | Ossuary  | Slain by a gnoll zombie

Illustrated notes

Levels and vault maps discovered:
D:4:      layout_loops_cross, biasface_ghost_orc_armoury,
          chequers_ossuary_entry_cave, serial_shops, shop, uniq_edmund,
          uniq_grinder
D:5:      layout_layer_cave, old_standard_altar,
          minmay_temple_entry_from_below_a, hangedman_decor_peaks_small
D:6:      black_bear_nest_1, layout_gridville, serial_shops,
          nicolae_shop_behind_doors, chequers_mini_garden, minivault_23
Temple:   nicolae_temple_the_god_donut
Ossuary:  ossuary_tomb_2

Skill      XL: |  1 |
---------------+----+-----
Stealth        | 8 |  8.3
Fighting       | |  3.0
Dodging        | |  2.6
Unarmed Combat | |  2.0

Action                   || total
-------------------------++-------
Melee: Unarmed           ||    41
       Bite              ||     6
       Punch             ||     1
  Use: Scroll            ||     1
 Stab: Sleeping          ||     2
Armor: Skin              ||     3
Dodge: Dodged            ||    30
